 Dungeon Crawl Stone Soup version bcrawl-1.13.5 (webtiles) character file.

Game seed: 13101379735226236577

76 Anmu the Sneak (level 4, -5/33 HPs)
             Began as an Oni Conjurer on Aug 31, 2019.
             Killed by divine providence
             ... invoked by an orc priest
              (12 damage)
             ... on level 3 of the Dungeon.
             The game lasted 00:11:08 (3028 turns).

Anmu the Sneak (Oni Conjurer)                       Turns: 3028, Time: 00:11:08

Health: -5/33      AC:  2    Str: 15    XL:     4   Next: 32%
Magic:  8/9        EV: 12    Int: 17    God:
Gold:   107        SH:  0    Dex: 11    Spells: 4/7 levels left

rFire    . . .     SeeInvis .   p - +0 morningstar
rCold    . . .     Gourm    .   (no shield)
rNeg     . . .     Faith    .   n - +0 robe
rPois    .         Spirit   .   (helmet restricted)
rElec    .         Reflect  .   (no cloak)
rCorr    .         Harm     .   (no gloves)
MR       .....                  (no boots)
Stlth    ++........             (no amulet)
HPRegen  0.11/turn              d - +3 ring of strength
MPRegen  0.11/turn              (no ring)

@: no status effects
A: oni magic, claws 1, fangs 1, horns 1
a: no special abilities


You were on level 3 of the Dungeon.
You were not hungry.

You visited 1 branch of the dungeon, and saw 3 of its levels.

You collected 107 gold pieces.

Inventory:

Hand Weapons
 p - a +0 morningstar (weapon)
Armour
 n - a +0 robe (worn)
Jewellery
 d - a +3 ring of strength (left claw)
Scrolls
 e - a scroll of remove curse {unknown}
 f - 3 scrolls of identify {unknown}
 g - 2 scrolls of teleportation {unknown}
 h - a scroll of amnesia {unknown}
 l - a scroll of fear {unknown}
 m - a scroll of immolation {unknown}
Potions
 a - 2 potions of berserk rage {unknown}
 b - 2 potions of curing {unknown}
 i - a potion of agility {unknown}
 j - 2 potions of heal wounds {unknown}
 k - a potion of flight {unknown}
Comestibles
 c - 7 rations {!d}
 o - 4 chunks of flesh


   Skills:
 + Level 0.2 Fighting
 + Level 0.1 Maces & Flails
 + Level 2.1 Dodging
 + Level 2.7 Stealth
 - Level 0.1 Unarmed Combat
 + Level 2.3 Spellcasting


You had 4 spell levels left.
You knew the following spells:

 Your Spells              Type           Power        Failure   Level  Hunger
a - Magic Dart            Conj           ##..         6%          1    #......
b - Song of Slaying       Chrm           ##......     10%         2    ##.....

Your spell library contained the following spells:

 Spells                   Type           Power        Failure   Level  Hunger
 Slow                     Hex            ##......     6%          1    #......
 Searing Ray              Conj           ##....       10%         2    ##.....
 Iskenderun's Mystic Bla  Conj           ##......     19%         3    ###....
 Fulminant Prism          Conj/Hex       ##........   56%         4    #####..
 Irradiate                Conj/Tmut      ##........   89%         5    ######.


Dungeon Overview and Level Annotations

Branches:
Dungeon (3/12)

Altars:
Dithmenos
Elyvilon
Ru


Innate Abilities, Weirdness & Mutations

You learn spells by gaining experience, not through books or religion.
You only train spellcasting to practice magic.
You have sharp fingernails.
You have very sharp teeth.
You have a pair of small horns on your head.


Message History

The orc closely misses you.
The orc priest calls down the wrath of Beogh upon you.
Beogh smites you!
You puncture the orc!
You kill the orc!
The orc hits you with a +0 trident!
* * * LOW HITPOINT WARNING * * *
The orc closely misses you.
Sorry, you're not good enough to have a special ability.
Some of the chunks of flesh in your inventory have rotted away.
Casting: Magic Dart (safe; 6% risk of failure)
Confirm with . or Enter, or press ? or * to list all spells.
Aiming: Magic Dart (safe; 6% risk of failure)
Press: ? - help, Shift-Dir - straight line, f - orc priest
Aim: an orc priest, wielding a +0 club and wearing a cursed -1 leather armour The magic dart hits the orc priest.
The orc priest is lightly wounded.
The orc priest mumbles some strange prayers to Beogh against you.
Beogh smites you!
You die...

### #.. ## #.# . #.#
#.#.# # #.#.##.####
#o)o....... ######o#
#..@.o.#
#######.#######.
................ .#####
#######.########
......##..............
......##.#####.#######
.............))......>
.......#.#.############
.......#..............#


You could see an orc priest and an orc.

Vanquished Creatures
  2 adders
  2 worms (D:2)
  2 dart slugs (D:1)
  2 leopard geckos
  7 orcs
  4 bats
  A giant cockroach (D:2)
  2 goblins
  3 hobgoblins
  2 jackals (D:1)
  4 kobolds
  2 quokkas
  A ball python (D:2)
  2 frilled lizards
  2 rats (D:1)
38 creatures vanquished.

Notes
Turn   | Place    | Note
-------+----------+-------------------------------------------
     0 | D:1      | Anmu the Oni Conjurer began the quest for the Orb.
     0 | D:1      | Reached XP level 1. HP: 14/14 MP: 4/4
   304 | D:1      | Reached XP level 2. HP: 20/20 MP: 1/6
  1305 | D:2      | Found a white marble altar of Elyvilon.
  1398 | D:2      | Reached XP level 3. HP: 24/26 MP: 2/7
  1780 | D:2      | Found a sacrificial altar of Ru.
  2721 | D:3      | Reached XP level 4. HP: 33/33 MP: 6/9
  2750 | D:3      | Learned a level 2 spell: Song of Slaying
  2865 | D:3      | Found a shadowy altar of Dithmenos.
  3028 | D:3      | Killed from afar by an orc priest

Skill      XL: |  1  2  3 |
---------------+----------+-----
Stealth        | 2 |  2.7
Dodging        | 2 |  2.1
Spellcasting   | 2 |  2.3
Fighting       | |  0.2
Maces & Flails | |  0.1
Unarmed Combat | |  0.1

Action                   |  1- 3 |  4- 6 || total
-------------------------+-------+-------++-------
Melee: Unarmed           |     6 |       ||     6
       Mace              |     2 |       ||     2
       Morningstar       |    10 |     3 ||    13
       Bite              |     3 |       ||     3
       Headbutt          |       |     1 ||     1
 Cast: Magic Dart        |    92 |    18 ||   110
       Song of Slaying   |       |     2 ||     2
  Eat: Chunk             |     6 |     3 ||     9
Armor: Animal skin       |     3 |       ||     3
       Robe              |     1 |       ||     1
Dodge: Dodged            |    22 |     2 ||    24
